 Dungeon Crawl Stone Soup version 0.22-a0-785-g6253c82ace (webtiles) character file.

40514 MirrMurr the Severer (level 13, -1/130 HPs)
             Began as a Deep Dwarf Berserker on July 20, 2018.
             Was a High Priest of Trog.
             Engulfed by an ice statue's freezing vapour (16 damage)
             ... in an ice cave.
             The game lasted 00:39:00 (13782 turns).

MirrMurr the Severer (Deep Dwarf Berserker)        Turns: 13782, Time: 00:39:01

Health: -1/130     AC: 23    Str: 25    XL:     13   Next: 75%
Magic:  10/10      EV: 13    Int:  9    God:    Trog [*****.]
Gold:   996        SH:  0    Dex: 12    Spells: 12/12 levels left

rFire    + . .     SeeInvis .   a - +1 battleaxe (vamp)
rCold    . . .     Gourm    .   (shield currently unavailable)
rNeg     . . .     Faith    +   Y - +0 plate armour
rPois    .         Spirit   .   w - +2 helmet
rElec    .         Reflect  .   (no cloak)
rCorr    .         Harm     .   U - +1 pair of gloves
MR       +....                  Q - +0 pair of boots
Stlth    ..........             N - amulet of faith
HPRegen  0.00/turn              R - ring of protection from fire
MPRegen  0.12/turn              D - +6 ring of slaying

@: non-regenerating, studying Fighting
A: damage resistance, heal wounds, sense surroundings 2, no regeneration
a: Heal Wounds, Berserk, Trog's Hand, Brothers in Arms, Renounce Religion


You were in an ice cave.
You worshipped Trog.
Trog was extremely pleased with you.
You were not hungry.

You visited 2 branches of the dungeon, and saw 18 of its levels.
You also visited: Ice Cave.

You collected 1356 gold pieces.
You spent 360 gold pieces at shops.

Inventory:

Hand Weapons
 a - a +1 vampiric battleaxe (weapon)
 i - a +0 hand crossbow of flaming
 q - a +0 blowgun
 J - a +5 antimagic broad axe
Missiles
 e - 339 stones
 f - 142 sling bullets
 m - 23 tomahawks (quivered)
 p - 58 poisoned needles
 u - 166 bolts
 A - 5 curare-tipped needles
Armour
 w - a +2 helmet (worn)
 Q - a +0 pair of boots (worn)
 U - a +1 pair of gloves (worn)
 Y - a +0 plate armour (worn)
Jewellery
 b - an uncursed ring of protection from cold
 o - an uncursed ring of protection from magic
 z - a cursed +5 amulet of reflection {unknown}
 D - a +6 ring of slaying (right hand)
 L - an uncursed amulet of magic regeneration {unknown}
 N - an amulet of faith (around neck)
 P - an uncursed ring of resist corrosion
 R - a ring of protection from fire (left hand)
 V - an uncursed ring of flight
Wands
 g - a wand of acid (12)
 x - a wand of clouds (8)
 y - a wand of digging (10)
 F - a wand of flame (23)
 H - a wand of random effects (31)
Scrolls
 j - 3 scrolls of fear
 r - 7 scrolls of remove curse
 v - 10 scrolls of teleportation
 C - a scroll of blinking
 S - 2 scrolls of fog
Potions
 d - 6 potions of heal wounds
 h - 3 potions of flight
 k - 3 potions of mutation
 n - 7 potions of lignification
 s - 2 potions of agility
 t - 5 potions of might
 B - a potion of magic {unknown}
 E - a potion of cancellation
 I - 19 potions of curing
 K - a potion of degeneration {unknown}
 O - 3 potions of haste {unknown}
 W - a potion of ambrosia {unknown}
Books
 G - a manual of Fighting
Miscellaneous
 T - a box of beasts
 X - a phantom mirror
Comestibles
 c - 25 rations
 l - a chunk of flesh


   Skills:
 + Level 12.4 Fighting
 * Level 16.1 Axes
 + Level 11.9 Armour
 + Level 11.9 Dodging


You had 12 spell levels left.
You didn't know any spells.
Your spell library was empty.

Dungeon Overview and Level Annotations

Branches:
Dungeon (12/15)            Temple (0/1) D:4            Lair (6/6) D:11
 Shoals (0/4) Lair:4       Spider (0/4) Lair:4        Slime (0/5) Lair:5
    Orc (0/2) D:9

Altars:
Cheibriados
Fedhas
Kikubaaqudgha
Makhleb

Shops:
D:8 *

Annotations:
Lair:1 exclusion: oklob plant IceCv exclusion: 2 ice statues


Innate Abilities, Weirdness & Mutations

You are resistant to damage.
You can heal yourself by infusing magical energy.
You passively map the area around you.
You do not regenerate.


Message History

You slice the ice beast!!
The ice beast is almost dead.
You slash the ice beast!
You are engulfed in freezing vapours.
* * * LOW HITPOINT WARNING * * *
The ice beast hits you but does no damage. x2
You closely miss the ice beast.
The ice beast is almost dead.
You slash the ice beast!
You kill the ice beast!
You are engulfed in freezing vapours.
* * * LOW HITPOINT WARNING * * *
The ice beast barely misses you.
You slash the ice beast!
You kill the ice beast!
You are engulfed in freezing vapours.
You are engulfed in freezing vapours.
* * * LOW HITPOINT WARNING * * *
The ice statue gestures. x2
You are engulfed in freezing vapours.
You die...

##.....##
##.......##
#.........#
#.........#
#.........#
#.........#
#.[.......#
#####.#####
#§§@§....8#
#..§.§.Y..#
#.§.......#
#.§.......#
#.........#
##.......##
##.....##
###8### ,,
, *


You could see 2 ice statues and an ice beast.

Vanquished Creatures
  5 hydras (Lair:6)
  3 two-headed ogres
  3 unseen horrors
  A wizard (D:10)
  2 wolf spiders (Lair:6)
  A lindwurm (Lair:5)
  An oklob plant (Lair:6)
  2 ugly things
  A cyclops (D:11)
  A manticore (D:11)
  6 black mambas
  A guardian serpent (Lair:6)
  An ice statue (IceCv)
  16 spiny frogs
  5 komodo dragons
  2 rime drakes (Lair:4)
  3 trolls
  4 hornets
  13 blink frogs
  A slime creature (Lair:5)
  A polar bear (Lair:6)
  8 hippogriffs
  11 yaks (Lair:6)
  A spriggan (D:7)
  10 wyverns
  2 basilisks
  3 hungry ghosts
  17 water moccasins
  12 porcupines
  Duvessa (D:6)
  2 orc warriors
  7 ice beasts
  4 sky beasts
  A black bear (D:11)
  3 eyes of draining
  A phantom (D:4)
  A necrophage (D:6)
  4 ogres
  14 wolves
  8 centaurs
  8 crocodiles
  Blork the orc (D:5)
  18 bullfrogs
  A wyvern zombie (D:6)
  Dowan (D:6)
  A wyvern skeleton (D:6)
  A water moccasin skeleton (D:7)
  3 scorpions
  5 killer bees (D:8)
  3 wights (D:9)
  3 electric eels (Lair:4)
  2 howler monkeys (D:9)
  3 centaur zombies
  7 crimson imps
  A quasit (D:9)
  2 bullfrog zombies
  10 hounds
  5 orc priests
  3 iguanas
  7 jellies
  9 orc wizards
  A centaur skeleton (D:6)
  2 bullfrog skeletons
  Ijyb (D:5)
  7 worker ants
  A killer bee zombie (D:8)
  A hound skeleton (D:7)
  Robin (D:3)
  A howler monkey zombie (D:6)
  10 adders
  3 shadow imps
  12 white imps (D:12)
  3 oozes
  An adder skeleton (D:5)
  4 dart slugs
  11 leopard geckos
  34 orcs
  5 giant cockroaches
  2 hobgoblins
  6 jackals
  8 kobolds
  8 quokkas
  A ball python (D:4)
  7 bats
  6 frilled lizards
  13 goblins
  A jackal zombie (D:5)
  A leopard gecko skeleton (D:5)
  A quokka skeleton (D:8)
  A quokka zombie (D:5)
  9 rats
  7 fungi
  9 plants
455 creatures vanquished.

Vanquished Creatures (others)
  42 fungi
  19 plants
61 creatures vanquished.

Grand Total: 516 creatures vanquished

Notes
Turn   | Place    | Note
-------+----------+-------------------------------------------
     0 | D:1      | MirrMurr the Deep Dwarf Berserker began the quest for the Orb.
     0 | D:1      | Reached XP level 1. HP: 20/20 MP: 1/1
   527 | D:1      | Reached XP level 2. HP: 17/27 MP: 2/2
  1012 | D:2      | Reached XP level 3. HP: 19/33 MP: 3/3
  1576 | D:3      | Reached skill level 4 in Axes
  1809 | D:3      | Reached ** piety under Trog
  1884 | D:3      | Noticed Robin
  1885 | D:3      | Reached XP level 4. HP: 33/42 MP: 0/3
  1901 | D:3      | Killed Robin
  2236 | D:3      | Reached XP level 5. HP: 24/49 MP: 4/4
  2519 | D:4      | Reached skill level 5 in Axes
  2755 | D:4      | Noticed a phantom
  2760 | D:4      | Reached XP level 6. HP: 47/57 MP: 5/5
  3229 | D:4      | Got a brightly glowing buckler
  3235 | D:4      | Identified the +0 buckler of the Lich-sworn {Dex+4} (You found it on level 4 of the Dungeon)
  3299 | D:4      | Found a staircase to the Ecumenical Temple.
  3477 | D:5      | Entered Level 5 of the Dungeon
  3477 | D:5      | Found a snail-covered altar of Cheibriados.
  3533 | D:5      | Reached skill level 6 in Axes
  3599 | D:5      | Reached XP level 7. HP: 37/64 MP: 6/6
  3624 | D:5      | Noticed Ijyb
  3638 | D:5      | Killed Ijyb
  3739 | D:5      | Reached *** piety under Trog
  3761 | D:5      | Reached skill level 7 in Axes
  3918 | D:5      | Reached skill level 5 in Armour
  3918 | D:5      | Reached XP level 8. HP: 66/73 MP: 7/7
  4079 | D:5      | Noticed Blork the orc
  4094 | D:5      | Killed Blork the orc
  4094 | D:5      | Reached skill level 5 in Dodging
  4322 | D:6      | Reached skill level 8 in Axes
  4327 | D:6      | Found a burning altar of Makhleb.
  4333 | D:6      | Reached skill level 5 in Fighting
  4351 | D:6      | Noticed Dowan
  4353 | D:6      | Noticed Duvessa
  4367 | D:6      | Killed Duvessa
  4396 | D:6      | Killed Dowan
  4550 | D:6      | Found an ancient bone altar of Kikubaaqudgha.
  4624 | D:6      | Gained mutation: You passively map the area around you. [Deep Dwarf growth]
  4624 | D:6      | Reached XP level 9. HP: 21/81 MP: 8/8
  4744 | D:6      | Reached skill level 9 in Axes
  5058 | D:6      | Killed an unseen horror
  5320 | D:7      | Reached skill level 10 in Axes
  5967 | D:8      | Noticed a two-headed ogre
  5977 | D:8      | Killed a two-headed ogre
  5977 | D:8      | Reached XP level 10. HP: 30/92 MP: 9/9
  6132 | D:8      | Noticed a two-headed ogre
  6147 | D:8      | Killed a two-headed ogre
  6147 | D:8      | Reached skill level 11 in Axes
  6235 | D:8      | Found Riqun's Elemental Accessories.
  6362 | D:8      | Bought a wand of digging (11) for 360 gold pieces
  6440 | D:9      | Found a staircase to the Orcish Mines.
  6664 | D:9      | Reached **** piety under Trog
  6734 | D:9      | Found a blossoming altar of Fedhas.
  7076 | D:10     | Entered Level 10 of the Dungeon
  7422 | D:10     | Reached skill level 12 in Axes
  7561 | D:10     | Reached XP level 11. HP: 82/100 MP: 9/9
  7720 | D:10     | Noticed a wizard
  7733 | D:10     | Killed a wizard
  8134 | D:11     | Found a staircase to the Lair.
  8142 | D:11     | Noticed a green ugly thing
  8167 | D:11     | Killed a green ugly thing
  8351 | D:11     | Noticed a two-headed ogre
  8360 | D:11     | Killed a two-headed ogre
  8360 | D:11     | Reached skill level 13 in Axes
  8418 | D:11     | Killed an unseen horror
  8543 | D:11     | Killed an unseen horror
  8725 | Lair:1   | Entered Level 1 of the Lair of Beasts
  8897 | Lair:1   | Reached skill level 10 in Armour
  8897 | Lair:1   | Reached XP level 12. HP: 77/115 MP: 9/9
  8949 | Lair:1   | Noticed a seven-headed hydra
  9024 | Lair:1   | Reached skill level 10 in Dodging
  9511 | Lair:2   | Reached skill level 10 in Fighting
  9721 | Lair:2   | Reached skill level 14 in Axes
 10163 | Lair:3   | Identified a scroll of acquirement
 10664 | Lair:4   | Found a hole to the Spider Nest.
 11224 | Lair:4   | Found a staircase to the Shoals.
 11792 | Lair:5   | Found a staircase to the Slime Pits.
 11946 | Lair:5   | You fall through a shaft!
 11946 | Lair:6   | Entered Level 6 of the Lair of Beasts
 11947 | Lair:6   | Noticed a seven-headed hydra
 12036 | Lair:6   | Killed a 16-headed hydra
 12036 | Lair:6   | Reached ***** piety under Trog
 12338 | Lair:6   | Received a gift from Trog
 12402 | Lair:6   | Noticed an eight-headed hydra
 12413 | Lair:6   | Reached skill level 15 in Axes
 12424 | Lair:6   | Killed a 19-headed hydra
 12424 | Lair:6   | Reached XP level 13. HP: 127/127 MP: 10/10
 13397 | Lair:6   | Reached skill level 16 in Axes
 13645 | D:12     | Found a frozen archway.
 13660 | D:12     | Received a gift from Trog
 13707 | IceCv    | Entered an ice cave
 13782 | IceCv    | Engulfed by an ice statue's freezing vapour

Vault maps used:
D:1:      roderic_chinese_lattice_arrival, corexii_hall_statues_s
D:2:      hex_intersection
D:3:      uniq_robin
D:4:      temple_hall, serial_bayou_pond_b
D:5:      first_ration, kennysheep_slug_shrine, uniq_blork_the_orc, uniq_ijyb
D:6:      basic_altar, minmay_statues_item, makhleb_heckhound_becter,
          uniq_duvessa
D:7:      the_bakery
D:8:      nicolae_elemental_shop
D:9:      nicolae_overflow_hidden_temple, orc_0_dummy
D:10:     minmay_librarian
D:11:     due_lair_maze_entry_diamond
D:12:     portal_ice_cave_entry_imps, uniq_psyche
Lair:1:   st_stairs_5, minmay_lair_oklob_chamber
Lair:4:   elwin_shoals_entry_rooms, dummy_spider_entry, serial_bayou_pond_c
Lair:5:   minmay_slime_entry_pillars
Lair:6:   hangedman_lair_tendril_chambers
IceCv:    ice_cave_statue_garden_chambered

Skill      XL: |  1  2  3  4  5  6  7  8  9 10 11 12 13 |
---------------+----------------------------------------+-----
Fighting       | 3 4 5 6 7 9 11 12 | 12.4
Axes           | 4 5 6 7 8 10 12 13 15 16 | 16.1
Armour         | 3 4 5 6 7 8 10 11 | 11.9
Dodging        | 3 4 6 7 8 9 11 | 11.9

Action                   |  1- 3 |  4- 6 |  7- 9 | 10-12 | 13-15 || total
-------------------------+-------+-------+-------+-------+-------++-------
Melee: Hand axe          |   143 |    65 |       |       |       ||   208
       War axe           |       |   117 |   419 |   494 |       ||  1030
       Battleaxe         |       |       |       |   214 |   228 ||   442
Throw: Tomahawk          |       |       |       |    21 |       ||    21
Invok: Trog's Hand       |       |     3 |    12 |    14 |     2 ||    31
       Berserk           |       |       |     3 |     4 |     3 ||    10
 Abil: Heal Wounds       |     1 |       |     2 |     9 |     1 ||    13
Evoke: Wand              |       |       |       |       |     1 ||     1
  Use: Scroll            |     7 |     4 |     5 |    14 |     3 ||    33
  Eat: Chunk             |     3 |     7 |    15 |    28 |     3 ||    56
       Ration            |       |       |       |     3 |     3 ||     6
Armor: Ring mail         |    62 |    33 |       |       |       ||    95
       Animal skin       |     3 |       |       |       |       ||     3
       Scale mail        |       |    19 |       |       |       ||    19
       Chain mail        |       |    22 |   233 |   386 |     4 ||   645
       Plate armour      |       |       |       |       |   159 ||   159
Dodge: Dodged            |   108 |   117 |   228 |   512 |   175 ||  1140

Table legend:
 A = Spawn XP
 B = Non-spawn XP
 C = Spawn XP percentage of total XP
 D = Spawn monster count
 E = Non-spawn monster count
 F = Spawn count percentage of total count
 G = Total turns spent on level
                    A         B        C        D         E        F      G
               +---------+---------+-------+---------+---------+-------+---------
         Total |       0 |   57878 |   0.0 |       0 |     439 |   0.0 | 13782
               +---------+---------+-------+---------+---------+-------+---------
           D:1 |       0 |      18 |   0.0 |       0 |      11 |   0.0 |   794
           D:2 |       0 |      31 |   0.0 |       0 |      13 |   0.0 |   789
           D:3 |       0 |     179 |   0.0 |       0 |      42 |   0.0 |   915
           D:4 |       0 |     392 |   0.0 |       0 |      18 |   0.0 |  1008
           D:5 |       0 |    1059 |   0.0 |       0 |      30 |   0.0 |   729
           D:6 |       0 |    2507 |   0.0 |       0 |      35 |   0.0 |   926
           D:7 |       0 |     566 |   0.0 |       0 |      18 |   0.0 |   707
           D:8 |       0 |    3123 |   0.0 |       0 |      30 |   0.0 |   514
           D:9 |       0 |    1294 |   0.0 |       0 |      19 |   0.0 |   694
          D:10 |       0 |    2813 |   0.0 |       0 |      23 |   0.0 |   830
          D:11 |       0 |    7053 |   0.0 |       0 |      34 |   0.0 |   830
          D:12 |       0 |     518 |   0.0 |       0 |      15 |   0.0 |    62
        Lair:1 |       0 |    5706 |   0.0 |       0 |      31 |   0.0 |   716
        Lair:2 |       0 |    1406 |   0.0 |       0 |       7 |   0.0 |   752
        Lair:3 |       0 |    1582 |   0.0 |       0 |       9 |   0.0 |   506
        Lair:4 |       0 |    3369 |   0.0 |       0 |      16 |   0.0 |   931
        Lair:5 |       0 |    1951 |   0.0 |       0 |       9 |   0.0 |   679
        Lair:6 |       0 |   22592 |   0.0 |       0 |      71 |   0.0 |  1325
         IceCv |       0 |    1719 |   0.0 |       0 |       8 |   0.0 |    75
               +---------+---------+-------+---------+---------+-------+---------
